[Event "Late-Titled-Tuesday-Blitz-April-02-2024"]
[Site "Chess.com"]
[Date "2024.04.02"]
[Round "6"]
[White "ChempionBg"]
[Black "Sesleria"]
[Result "0-1"]
[WhiteElo "2247"]
[BlackElo "2158"]
[TimeControl "180+1"]
[EndTime "15:03:30 PDT"]
[Termination "Sesleria won on time"]

1. d4 Nf6 2. c4 e6 3. Nf3 Bb4+ 4.
Bd2 c5 5. g3 Nc6 6. dxc5 Bxc5 7. Bg2 Ne4 8. O-O Nxd2 9. Nbxd2 O-O 10. Ne4 Be7 11. Nd6 Qc7 12. c5 b6 13. b4 Nxb4 14.
Nd4 Rb8 15. N4b5 Qxc5 16. Rc1 Qe5 17. Nxc8 Rfxc8 18. Rxc8+ Rxc8 19. Qxd7 Rf8 20. Qxe7 Qxb5 21. Qxa7 Qxe2 22. a3 Qa2 23. Qxb6 Qxa3 0-1

[Event "Late-Titled-Tuesday-Blitz-April-02-2024"]
[Site "Chess.com"]
[Date "2024.04.02"]
[Round "6"]
[White "Statham_01"]
[Black "AsaHoffmann"]
[Result "1-0"]
[WhiteElo "2619"]
[BlackElo "2419"]
[TimeControl "180+1"]
[EndTime "15:03:31 PDT"]
[Termination "Statham_01 won by resignation"]

1. e4 d6 2. d4 c6 3. Nc3 a6 4. Bd3 g6 5. h4 Bg7 6. Nge2 h6 7.
h5 g5 8. f4 gxf4 9. Bxf4 Bg4 10.
Qd2 e6 11. O-O-O Qa5 12. Kb1 b5 13. Bxd6 b4 14. Qf4 bxc3 15. Qxg4 Qg5 16. Qxg5 hxg5 17.
bxc3 Nf6 18. e5 Ng4 19. Rdf1 Nd7 20. Ng3 Ne3 21. Rf2 Nd5 22. c4 Nf4 23. Kc1 f5 24.
exf6 Bxf6 25. Bg6+ Kd8 26. c3 Ra7 27. Kc2 Rb7 28. Bxf4 gxf4 29. Rxf4 Ke7 30. Ne4 Rbb8 31. Nxf6 Nxf6 32. Rhf1 Rbf8 33. g4 Nd7 34. Rf7+ Rxf7 35. Rxf7+ Kd8 36. Rh7 Rf8 37. Rf7 Rh8 38. Be4 c5 39. Rh7 Rg8 40. Bg6 Nf6 41. Ra7 Ne8 42. Ra8+ Ke7 43. Rxe8+ Rxe8 44. Bxe8 Kxe8 45. dxc5 1-0

[Event "Late-Titled-Tuesday-Blitz-April-02-2024"]
[Site "Chess.com"]
[Date "2024.04.02"]
[Round "6"]
[White "Cuchulin"]
[Black "Manukyan_Artak"]
[Result "1-0"]
[WhiteElo "2158"]
[BlackElo "2507"]
[TimeControl "180+1"]
[EndTime "15:03:33 PDT"]
[Termination "Cuchulin won by resignation"]

1. d4 d5 2. Bf4 Nf6 3. e3 Bg4 4.
Nf3 e6 5. Be2 Bd6 6. Ne5 Bxe2 7.
Qxe2 O-O 8. Nd2 c5 9. c3 Nc6 10. Bg3 Bxe5 11. Bxe5 Nxe5 12. dxe5 Nd7 13. f4 Qb6 14. Nf3 a5 15. O-O g6 16. h4 Qa6 17. Qf2 Qd3 18. Rad1 Qf5 19. Ng5 Rfd8 20. Qf3 Qc2 21. Rf2 Qa4 22. h5 Nf8 23. g4 Qc6 24. Rh2 d4 25. Ne4 dxe3 26. Rxd8 Rxd8 27. Qxe3 Rd1+ 28.
Kf2 Nd7 29. hxg6 fxg6 30. Ng5 Qd5 31. Ne4 c4 32. Ke2 Rb1 33. Kf3 Rf1+ 34. Rf2 Rxf2+ 35. Kxf2 Qb5 36. Qd2 Kf7 37. Nd6+ Ke7 38. Nxb5 1-0

[Event "Late-Titled-Tuesday-Blitz-April-02-2024"]
[Site "Chess.com"]
[Date "2024.04.02"]
[Round "6"]
[White "Squirlolz"]
[Black "Kavyev_Ruslan"]
[Result "1-0"]
[WhiteElo "2575"]
[BlackElo "2398"]
[TimeControl "180+1"]
[EndTime "15:03:35 PDT"]
[Termination "Squirlolz won by checkmate"]

1. f4 d5 2. Nf3 Nf6 3. g3 c5 4. Bg2 Nc6 5. O-O Bf5 6. d3 e6 7. Qe1 d4 8. c3 Bd6 9. Na3 O-O 10. Nc4 Bc7 11. e4 dxe3 12. Bxe3 Qxd3 13. Nce5 Nxe5 14.
fxe5 Nd5 15. Bxc5 Rfd8 16. Bd4 Bb6 17. Rd1 Bxd4+ 18. Nxd4 Qe3+ 19. Kh1 Bg4 20. Rd2 Qxe1 21. Rxe1 f6 22. exf6 Nxf6 23. h3 Bf5 24. Rde2 Kf7 25. Bxb7 Rab8 26. Nc6 Rdc8 27. Bxc8 Rxc8 28. Nd4 Be4+ 29.
Rxe4 Nxe4 30. Rxe4 Re8 31. Kg2 Kf6 32. Nf3 e5 33.
Rxe5 Rb8 34. b4 a5 35. Rxa5 Rc8 36. Ra6+ Kf5 37. Rc6 Ra8 38. Nd4+ Ke4 39. h4 Rxa2+ 40. Kh3 h5 41. b5 Ke3 42. Re6+ Kf2 43. Re2+ Rxe2 44.
Nxe2 Kxe2 45. b6 Kf2 46. b7 Kg1 47. b8=Q g5 48. hxg5 h4 49. Qb2 Kf1 50. gxh4 Ke1 51.
h5 Kd1 52. h6 Ke1 53. h7 Kd1 54. h8=N Ke1 55. g6 Kd1 56. g7 Ke1 57. g8=B Kd1 58.
c4 Ke1 59. c5 Kd1 60. c6 Ke1 61. c7 Kd1 62. c8=R Ke1 63. Ng6 Kd1 64. Ne5 Ke1 65. Nc4 Kd1 66. Na3 Ke1 67. Nb1 Kd1 68. Bc4 Ke1 69. Ba6 Kd1 70. Bf1 Ke1 71. Kg2 Kd1 72.
Kg1 Ke1 73. Ra8 Kd1 74. Ra1 Ke1 75. Qg2 Kd1 76. Kf2 Kc1 77. Ke3 Kd1 78. Nc3# 1-0

[Event "Late-Titled-Tuesday-Blitz-April-02-2024"]
[Site "Chess.com"]
[Date "2024.04.02"]
[Round "6"]
[White "Oleg_Papayan"]
[Black "moro182"]
[Result "0-1"]
[WhiteElo "2701"]
[BlackElo "2901"]
[TimeControl "180+1"]
[EndTime "15:03:38 PDT"]
[Termination "moro182 won by resignation"]

1. e4 g6 2. d4 Bg7 3. Nc3 a6 4. Be3 b5 5. a3 Bb7 6. Qd2 Nf6 7. f3 h5 8. Nge2 d6 9. O-O-O Nbd7 10. Kb1 Rc8 11.
Nf4 e6 12. e5 dxe5 13. dxe5 Nxe5 14. Qf2 Nfd7 15. Qg3 h4 16. Qe1 Qe7 17. Be2 O-O 18. Ne4 Bxe4 19. fxe4 Nc4 20. Bxc4 bxc4 21. Bd4 Bxd4 22.
Rxd4 Rb8 23. Qc3 Nb6 24. Qa5 Rb7 25. Rhd1 Rfb8 26. e5 Nd5 27. Nxd5 Rxb2+ 28. Ka1 exd5 29. Rxd5 Rxc2 30. Rc5 Rb5 31. Rxb5 axb5 32. Qa8+ Kg7 33. Qe4 Qxa3+ 0-1

[Event "Late-Titled-Tuesday-Blitz-April-02-2024"]
[Site "Chess.com"]
[Date "2024.04.02"]
[Round "6"]
[White "Akhayan"]
[Black "rikchessmx"]
[Result "1-0"]
[WhiteElo "2450"]
[BlackElo "2245"]
[TimeControl "180+1"]
[EndTime "15:03:38 PDT"]
[Termination "Akhayan won by checkmate"]

1. e4 c5 2. Nf3 e6 3. d4 cxd4 4.
Nxd4 a6 5. c4 Qc7 6. a3 Nc6 7. Nc3 Bc5 8. Nc2 Nf6 9. Be2 h5 10.
b4 Ba7 11. Be3 Ne5 12. Bxa7 Rxa7 13. O-O Nfg4 14. g3 Nxc4 15. Qd4 Nb6 16. Qxg7 Qe5 17. Qxe5 Nxe5 18. Ne3 d6 19. f4 Ng6 20. Rad1 Ke7 21. f5 Ne5 22. f6+ Kd7 23. a4 Na8 24. b5 b6 25. bxa6 Bxa6 26. Bxa6 Rxa6 27. Nb5 Rxa4 28. Rxd6+ Kc8 29. Rc1+ Kb8 30. Kg2 Rxe4 31. Rc3 Rb4 32. Nd4 Rb2+ 33. Kh3 Rc8 34. Rxc8+ Kxc8 35. Nc6 Kc7 36.
Nxe5 Kxd6 37. Nxf7+ Kd7 38. Ne5+ Kd6 39. f7 Rf2 40. N3c4+ Ke7 41. Kh4 Rf5 42. h3 b5 43.
g4 hxg4 44. hxg4 Rf1 45. Nd2 Rf2 46. Ndf3 Nc7 47. g5 Nd5 48. g6 Nf6 49. g7 Rg2 50. f8=Q# 1-0

[Event "Late-Titled-Tuesday-Blitz-April-02-2024"]
[Site "Chess.com"]
[Date "2024.04.02"]
[Round "6"]
[White "shirovin"]
[Black "KorolDimitriy75"]
[Result "0-1"]
[WhiteElo "2061"]
[BlackElo "2354"]
[TimeControl "180+1"]
[EndTime "15:03:39 PDT"]
[Termination "KorolDimitriy75 won on time"]

1. d4 Nf6 2. Bf4 c5 3. d5 Qb6 4. Nc3 Qxb2 5. Bd2 Qb6 6. Rb1 Qd8 7. e4 d6 8. f4 g6 9. Nf3 Bg7 10. Bc4 O-O 11. O-O Nbd7 12. e5 Ne8 13. e6 fxe6 14. Ng5 Nb6 15. Bb3 c4 16. Ba4 exd5 17. Re1 d4 18.
Bxe8 dxc3 19. Be3 Rxe8 20. Bd4 e6 21. Bxg7 Kxg7 22. Qd4+ e5 23. Qxc3 Qf6 24. Ne4 Qxf4 25. Nxd6 Re6 26. Ne4 Bd7 27. Nc5 Re7 28. Rbd1 Bc6 29.
Rd6 Rf8 0-1

[Event "Late-Titled-Tuesday-Blitz-April-02-2024"]
[Site "Chess.com"]
[Date "2024.04.02"]
[Round "6"]
[White "carlsenCamacho"]
[Black "BillCoe"]
[Result "0-1"]
[WhiteElo "2271"]
[BlackElo "2125"]
[TimeControl "180+1"]
[EndTime "15:03:40 PDT"]
[Termination "BillCoe won on time"]

1. e4 c5 2. Nf3 e6 3. d3 Nc6 4. Nbd2 g6 5. g3 Bg7 6. Bg2 Nge7 7. O-O O-O 8. Re1 d5 9. c3 b6 10. a4 Bb7 11. Qe2 dxe4 12. dxe4 Ne5 13. Nxe5 Bxe5 14. f4 Bg7 15. Nf3 Qc7 16. Bd2 a6 17. Rad1 Bc6 18. a5 b5 19. b4 c4 20. Nd4 Bb7 21. Be3 Nc6 22. e5 Nxd4 23. Rxd4 Bxg2 24. Kxg2 Rfd8 25. Red1 Rxd4 26. Bxd4 Bf8 27. Qe4 Rc8 28. Bb6 Qe7 29.
Kf3 h5 30. h4 Qe8 31. Qb7 Ra8 32. Rd7 Bh6 33. Ke4 Bf8 34. Qc7 Rc8 35. Qb7 Ra8 36. Qc7 Rc8 37. Rd8 Rxd8 38. Qxd8 Qc6+ 39. Ke3 Qg2 40. Qd2 Qxg3+ 41. Kd4 Qg1+ 42. Ke4 Qh1+ 43. Ke3 Qxh4 44. Bc5 Bh6 45. Ke4 Qh1+ 0-1

[Event "Late-Titled-Tuesday-Blitz-April-02-2024"]
[Site "Chess.com"]
[Date "2024.04.02"]
[Round "6"]
[White "Quattroporte300"]
[Black "yaguigor"]
[Result "0-1"]
[WhiteElo "2489"]
[BlackElo "2620"]
[TimeControl "180+1"]
[EndTime "15:03:42 PDT"]
[Termination "yaguigor won by resignation"]

1. e4 e5 2. Nf3 Nc6 3. d4 exd4 4. Nxd4 Nf6 5. Nxc6 bxc6 6. e5 Qe7 7. Qe2 Nd5 8. c4 Ba6 9. b3 g6 10. g3 Bg7 11.
Bb2 O-O 12. Bg2 Rae8 13. O-O Bxe5 14. Bxe5 Qxe5 15. Qxe5 Rxe5 16. cxd5 Bxf1 17. Kxf1 cxd5 18. Nc3 c6 19. Rd1 Rfe8 20. Bf3 Rf5 21. Kg2 Rfe5 22.
Rd4 Re1 23. Ra4 Rc1 24. Ne2 Rc2 25. Nf4 Ra8 26. Ra6 Kf8 27. h4 Ke7 28. Nd3 Kd6 29. g4 Rd2 30. Nf4 Kc5 31. Kg3 Kb5 32. Ra4 a5 33. Be2+ Kb6 34. b4 Ra7 35. Kf3 axb4 36. Rxb4+ Kc5 37. Rb8 Ra3+ 38. Nd3+ Rdxd3+ 39. Bxd3 Rxd3+ 40. Kf4 Rd2 41. f3 d4 42. Rf8 Rxa2 43. Rxf7 d5 44.
Rxh7 d3 45. Ke3 Kc4 46. Rb7 Re2+ 47. Kf4 Re1 48. Rb2 Kc3 49. Rh2 d2 50. Rxd2 Kxd2 51. h5 gxh5 52. gxh5 Rh1 53. Kg5 Ke3 0-1

[Event "Late-Titled-Tuesday-Blitz-April-02-2024"]
[Site "Chess.com"]
[Date "2024.04.02"]
[Round "6"]
[White "PotapovaM"]
[Black "RodokininEV"]
[Result "0-1"]
[WhiteElo "2541"]
[BlackElo "2706"]
[TimeControl "180+1"]
[EndTime "15:03:44 PDT"]
[Termination "RodokininEV won on time"]

1. d4 Nf6 2. c4 e6 3. Nf3 Bb4+ 4.
Nbd2 O-O 5. a3 Be7 6. e4 d5 7. e5 Ne4 8. Bd3 f5 9. exf6 Nxf6 10. c5 Nc6 11. b4 Ng4 12. b5 Nxf2 13. Kxf2 Nxd4 14.
Bb2 Bxc5 15. Rc1 Nxf3+ 16. Rxc5 Qh4+ 17. Ke2 Nd4+ 18. Bxd4 Qxd4 19. Qc2 e5 20. Bxh7+ Kh8 21. Nf3 Bg4 22. Rd1 Qf4 23. Rxc7 e4 24. Qc3 exf3+ 25. Kd3 Bf5+ 26. Bxf5 Qxf5+ 27. Kd2 Qg5+ 28. Kd3 Rae8 29.
Qd4 fxg2 30. Rg1 Rf3+ 31. Kc2 Re2+ 0-1

[Event "Late-Titled-Tuesday-Blitz-April-02-2024"]
[Site "Chess.com"]
[Date "2024.04.02"]
[Round "6"]
[White "Groetzi"]
[Black "Tugrik1969"]
[Result "0-1"]
[WhiteElo "2365"]
[BlackElo "2549"]
[TimeControl "180+1"]
[EndTime "15:03:45 PDT"]
[Termination "Tugrik1969 won by checkmate"]

1. e4 c5 2. Nf3 d6 3. d4 cxd4 4.
Nxd4 Nf6 5. f3 e5 6. Bb5+ Nbd7 7. Nf5 Qc7 8. Nc3 a6 9. Ba4 b5 10. Bb3 Nb6 11. Bg5 Bxf5 12. exf5 Be7 13. Bxf6 Bxf6 14. Nd5 Nxd5 15. Qxd5 O-O 16. O-O-O Rfd8 17. h4 a5 18. a3 a4 19. Ba2 Rab8 20. g4 e4 21. g5 Be5 22. g6 b4 23. Qxf7+ Qxf7 24. Bxf7+ Kf8 25. axb4 Rxb4 26. c3 Rb6 27. fxe4 Rdb8 28. Bd5 h6 29. Kd2 Rxb2+ 30. Kd3 Rc8 31. Rc1 a3 32. Rhf1 Rc5 33. c4 a2 34. Ra1 Rh2 35. Rac1 Ra5 36. Ra1 Ra3# 0-1

[Event "Late-Titled-Tuesday-Blitz-April-02-2024"]
[Site "Chess.com"]
[Date "2024.04.02"]
[Round "6"]
[White "only_strong_moves"]
[Black "jaskol95"]
[Result "1/2-1/2"]
[WhiteElo "2726"]
[BlackElo "2536"]
[TimeControl "180+1"]
[EndTime "15:03:46 PDT"]
[Termination "Game drawn by repetition"]

1. Nc3 e6 2. e4 d5 3. d4 Bb4 4.
exd5 exd5 5. Bd3 Nf6 6. Ne2 O-O 7. O-O c6 8. Bg5 h6 9. Bh4 Bg4 10. f3 Be6 11. Nf4 Nbd7 12. Nce2 Qc7 13. c3 Bd6 14. Nxe6 fxe6 15. f4 c5 16. Bc2 cxd4 17. Nxd4 e5 18. Ne6 Qb6+ 19. Bf2 Qxb2 20. Nxf8 Rxf8 21.
fxe5 Nxe5 22. Bd4 Qb5 23. Rb1 Qd7 24. h3 Bb8 25. Rf5 Nc4 26. Qd3 Ne4 27. Rxf8+ Kxf8 28. Qf3+ Kg8 29. Bxe4 dxe4 30. Qe2 Qc7 31. Qg4 e3 32. Qe6+ Kh7 33. Qe4+ Kh8 34. Qe8+ Kh7 35. Qe4+ Kg8 36. Qe6+ Kh8 37. Qe8+ Kh7 38. Qe4+ 1/2-1/2

[Event "Late-Titled-Tuesday-Blitz-April-02-2024"]
[Site "Chess.com"]
[Date "2024.04.02"]
[Round "6"]
[White "jinxy2009"]
[Black "Savagelittlemole"]
[Result "0-1"]
[WhiteElo "2294"]
[BlackElo "2499"]
[TimeControl "180+1"]
[EndTime "15:03:46 PDT"]
[Termination "Savagelittlemole won by checkmate"]

1. e4 c5 2. Nf3 d6 3. d4 cxd4 4.
Nxd4 Nf6 5. Nc3 a6 6. Rg1 e5 7. Nb3 b5 8. a4 b4 9. Nd5 Nxd5 10.
exd5 Be7 11. Bd3 Bg5 12. Bxg5 Qxg5 13. Qe2 Nd7 14. h4 Qxh4 15. O-O-O Nf6 16. Kb1 Qg4 17.
f3 Qg3 18. Rh1 h5 19. Nd2 h4 20. Nf1 Qg5 21. g3 h3 22. f4 Qg4 23. Qd2 exf4 24.
gxf4 a5 25. Re1+ Kf8 26. Nh2 Qg2 27. Qd1 Qxd5 28. Rhg1 Bf5 29. Rg5 g6 30. Qc1 Rh5 31.
Bxf5 gxf5 32. Re3 Re8 33. Rxh5 Nxh5 34. Rxh3 Nf6 35. Nf3 Re2 36. Ng5 Qg2 37. Rh6 Qf2 38.
Rxf6 Re1 39. Rxf7+ Ke8 40. Rxf5 Rxc1+ 41. Kxc1 Qe1# 0-1

[Event "Late-Titled-Tuesday-Blitz-April-02-2024"]
[Site "Chess.com"]
[Date "2024.04.02"]
[Round "6"]
[White "JaackCamel"]
[Black "maracayo"]
[Result "1-0"]
[WhiteElo "2213"]
[BlackElo "2375"]
[TimeControl "180+1"]
[EndTime "15:03:46 PDT"]
[Termination "JaackCamel won on time"]

1. d4 d6 2. Nf3 Nf6 3. c4 Nbd7 4.
Nc3 e5 5. e4 Be7 6. Be2 O-O 7.
Be3 Re8 8. d5 Ng4 9. Bd2 Nf8 10.
h3 Nf6 11. Be3 Ng6 12. g3 a6 13. Nd2 Bd7 14. Kf1 Rb8 15. Kg2 b5 16. b4 bxc4 17.
Rb1 c6 18. Bxc4 cxd5 19. Nxd5 Nxd5 20. Bxd5 Bg5 21. Nc4 Bxe3 22. Nxe3 a5 23. a3 axb4 24. axb4 Be6 25. Qb3 Qf6 26. Rhd1 h5 27. h4 Red8 28. b5 Nf4+ 29. gxf4 exf4 30. Nf5 Bxf5 31. exf5 Qxh4 32. Qh3 Qg5+ 33. Kh2 Re8 34. Rg1 Qh6 35. Bc6 1-0

[Event "Late-Titled-Tuesday-Blitz-April-02-2024"]
[Site "Chess.com"]
[Date "2024.04.02"]
[Round "6"]
[White "karinachess1"]
[Black "Veleamater"]
[Result "1-0"]
[WhiteElo "2618"]
[BlackElo "2419"]
[TimeControl "180+1"]
[EndTime "15:03:47 PDT"]
[Termination "karinachess1 won on time"]

1. d4 Nf6 2. c4 g6 3. Nf3 Bg7 4. g3 O-O 5. Bg2 d6 6. O-O c5 7. Nc3 Nc6 8. d5 Na5 9. Qd3 a6 10. Rb1 Rb8 11. b3 b5 12. e4 e5 13. Bd2 Ne8 14.
Nh4 f5 15. exf5 gxf5 16. Bh3 e4 17. Qe2 Bd7 18. cxb5 axb5 19. Qh5 Nf6 20. Qg5 h6 21. Qf4 Nb7 22. Bxf5 Ne8 23. Nxe4 Bxf5 24. Nxf5 Kh7 25. Qg4 Qd7 26. Nxh6 Qxg4 27. Nxg4 Ra8 28. Ng5+ Kg6 29. Ne6 1-0

[Event "Late-Titled-Tuesday-Blitz-April-02-2024"]
[Site "Chess.com"]
[Date "2024.04.02"]
[Round "6"]
[White "KetiTsatsalashvili"]
[Black "djano"]
[Result "0-1"]
[WhiteElo "2417"]
[BlackElo "2639"]
[TimeControl "180+1"]
[EndTime "15:03:51 PDT"]
[Termination "djano won by resignation"]

1. d4 Nf6 2. Nf3 g6 3. c4 Bg7 4. Nc3 O-O 5. e4 d6 6. Be2 c5 7. O-O cxd4 8. Nxd4 Nc6 9. Be3 Bd7 10. Rc1 Nxd4 11. Bxd4 Bc6 12. f3 a5 13. Nd5 e6 14.
Bb6 Qd7 15. Nc7 Rac8 16. Nb5 Bxb5 17. cxb5 d5 18. e5 Rxc1 19. Qxc1 Rc8 20. Qd2 Ne8 21. f4 f6 22. Bxa5 fxe5 23. fxe5 Bxe5 24. Bb4 Nf6 25. Bd3 Ng4 26. h3 Bd4+ 27. Kh1 Ne5 28. Bxg6 Nxg6 29. Qxd4 Rc4 30. Qd2 Qxb5 31. Qf2 Rf4 32. Qxf4 Nxf4 33. Rxf4 e5 34. Rg4+ Kf7 35. a3 d4 36. Kh2 Qe2 37.
Rg3 e4 38. Bc5 d3 39. Re3 Qc2 40. Rxe4 Qxc5 0-1

[Event "Late-Titled-Tuesday-Blitz-April-02-2024"]
[Site "Chess.com"]
[Date "2024.04.02"]
[Round "6"]
[White "FREZZY23"]
[Black "Bykov_Egor"]
[Result "1-0"]
[WhiteElo "2429"]
[BlackElo "2591"]
[TimeControl "180+1"]
[EndTime "15:03:51 PDT"]
[Termination "FREZZY23 won on time"]

1. Nf3 Nf6 2. g3 g6 3. Bg2 Bg7 4. O-O O-O 5. d4 d6 6. c4 Nc6 7.
Nc3 a6 8. b3 Rb8 9. Bb2 b5 10.
cxb5 axb5 11. Rc1 Bd7 12. Qd3 Nb4 13. Qd2 c5 14. Rfd1 c4 15. d5 Na6 16. Nd4 b4 17. Nb1 c3 18. Nxc3 bxc3 19. Bxc3 Nc5 20. Nc6 Bxc6 21.
dxc6 Qc7 22. Ba5 Qc8 23. b4 Nce4 24. Qd3 d5 25. b5 Ra8 26. Bb4 Qc7 27. Qb3 Rfb8 28.
a4 Qa7 29. e3 Qxa4 30. Qxa4 Rxa4 31. Bxe7 Ne8 32. Bxe4 dxe4 33. Rd8 Rxd8 34. Bxd8 Rb4 35. b6 Be5 36. c7 Nd6 37. Be7 1-0

[Event "Late-Titled-Tuesday-Blitz-April-02-2024"]
[Site "Chess.com"]
[Date "2024.04.02"]
[Round "6"]
[White "NovakRatko"]
[Black "ritanovikova"]
[Result "0-1"]
[WhiteElo "2424"]
[BlackElo "2186"]
[TimeControl "180+1"]
[EndTime "15:03:51 PDT"]
[Termination "ritanovikova won on time"]

1. d4 g6 2. c4 Bg7 3. Nc3 d6 4. e4 Nc6 5. d5 Nd4 6. Be3 c5 7.
Nge2 Nxe2 8. Bxe2 Nf6 9. O-O a6 10. f4 O-O 11. h3 Rb8 12. a4 b6 13. g4 Ne8 14. f5 Nc7 15. g5 Bd7 16. Qd2 b5 17.
axb5 axb5 18. Ra7 Be5 19. b3 bxc4 20. bxc4 Rb3 21. Nd1 Qb8 22. Qa5 Rc8 23. Kg2 gxf5 24. exf5 Qb4 25. Qxb4 Rxb4 26. h4 Ba4 27. Nf2 Bc2 28.
f6 exf6 29. gxf6 Bxf6 30. Bg4 Re8 31. Bf4 Rxc4 32. Bxd6 Nxd5 33. Bd7 Rd8 34. Ng4 Rxg4+ 35. Bxg4 Ne3+ 36. Kg3 Nxf1+ 37. Kf4 Rxd6 38. Ra8+ Kg7 39. Ra1 Nd2 40. Ra2 Bb3 41. Rxd2 Rxd2 42. Bf5 Rf2+ 0-1

[Event "Late-Titled-Tuesday-Blitz-April-02-2024"]
[Site "Chess.com"]
[Date "2024.04.02"]
[Round "6"]
[White "Eagle_2019"]
[Black "MaestroCheck"]
[Result "1/2-1/2"]
[WhiteElo "2866"]
[BlackElo "2581"]
[TimeControl "180+1"]
[EndTime "15:03:53 PDT"]
[Termination "Game drawn by agreement"]

1. d4 d5 2. Nf3 Nf6 3. c4 c6 4. Nc3 e6 5. e3 Nbd7 6. Be2 Bd6 7. O-O O-O 8. b3 e5 9. dxe5 Nxe5 10. cxd5 Nxf3+ 11. Bxf3 Be5 12. Bb2 Nxd5 13. Bxd5 cxd5 14. Na4 f6 15.
Rc1 b6 16. Bd4 Be6 17. Nc3 Re8 18. Nb5 Qd7 19. Bxe5 Qxb5 20. Bd4 Rac8 21. Qf3 Rxc1 22. Rxc1 Rc8 23. Rxc8+ Bxc8 24. h4 Be6 25. Qg3 Kf7 26.
h5 Qe2 27. Qc7+ Kg8 28. Qb8+ Kf7 29. Qxa7+ Kg8 30. Qb8+ Kf7 31. Qc7+ Kg8 32. Qc1 Qxa2 33. h6 Qxb3 34. hxg7 Kxg7 35. Qc7+ Kg6 36. Qe7 Qb1+ 37. Kh2 Qf5 38. f3 Bf7 39. Bxb6 Qe5+ 40. Qxe5 fxe5 41.
g4 h5 42. gxh5+ Kxh5 43. Bc7 e4 44. f4 Kg6 45. Be5 Kf5 46. Bd4 Be6 47. Kg2 Bd7 48. Kg3 Bb5 49. Kh4 Bc4 50. Kh5 Bb3 51. Kh6 Bc4 52. Kg7 Bb3 53. Kf7 Bc4 54. Ke7 Bb3 55. Kd6 Bc4 56. Kc5 Ba2 57. Kb4 Bc4 58. Kc5 Ke6 59. Kc6 Kf5 60. Kd6 Bb3 1/2-1/2

[Event "Late-Titled-Tuesday-Blitz-April-02-2024"]
[Site "Chess.com"]
[Date "2024.04.02"]
[Round "6"]
[White "KVAIDAN"]
[Black "VanRommel28"]
[Result "1-0"]
[WhiteElo "2335"]
[BlackElo "2552"]
[TimeControl "180+1"]
[EndTime "15:03:54 PDT"]
[Termination "KVAIDAN won by resignation"]

1. f4 g6 2. Nf3 Bg7 3. d3 d6 4. e4 e5 5. Be2 Nc6 6. O-O Nge7 7. Nc3 O-O 8. Qe1 f5 9. Qh4 h6 10. fxe5 g5 11. Bxg5 hxg5 12. Nxg5 Re8 13. Qh7+ Kf8 14. e6 Nd4 15. Bh5 Nxe6 16. Nxe6+ Bxe6 17. exf5 Bg8 18. f6 Bxh7 19. fxe7+ Kg8 20. exd8=Q Rexd8 21. Nd5 c6 22. Ne7+ Kh8 23. Ng6+ Bxg6 24. Bxg6 Bxb2 25.
Rab1 Bd4+ 26. Kh1 Rd7 27. h4 Kg7 28. h5 Rf8 29. g4 Bf6 30. Kg2 b5 31. Rf2 a5 32.
Rbf1 Rdd8 33. Rf5 Be7 34. Rf7+ Kh6 35. Rxe7 Kg5 36. Rxf8 Rxf8 37. Re6 d5 38. Bf5 c5 39. Re5 Kf4 40. Rxd5 c4 41. dxc4 Re8 42. cxb5 Re2+ 43. Kf1 Rd2 44. Rxd2 1-0

[Event "Late-Titled-Tuesday-Blitz-April-02-2024"]
[Site "Chess.com"]
[Date "2024.04.02"]
[Round "6"]
[White "egnfanclub"]
[Black "akanga001"]
[Result "1-0"]
[WhiteElo "2368"]
[BlackElo "2136"]
[TimeControl "180+1"]
[EndTime "15:04:00 PDT"]
[Termination "egnfanclub won on time"]

1. e4 e6 2. d4 d5 3. Nc3 Nf6 4. e5 Nfd7 5. Nf3 c5 6. dxc5 Bxc5 7. Bd3 Nc6 8. Bf4 h6 9. Bg3 g5 10. O-O a6 11. Qe2 b5 12. a3 Ke7 13. Rad1 Bb6 14.
Rfe1 Nc5 15. Be4 Nxe4 16. Nxe4 Kd7 17. Nf6+ Kc7 18. a4 b4 19. c4 d4 20. c5 Bxc5 21.
Qc2 Bb6 22. a5 Ba7 23. Rc1 Bb7 24. Nd2 Rc8 25. Nde4 Kb8 26. Nd6 Rc7 27. Qd3 Ka8 28. Nxb7 Kxb7 29. Qc4 d3 30. Red1 Qd4 31. Ne4 Rd8 32.
Nd6+ Ka8 33. Rxd3 Qxc4 34. Rxc4 Kb8 35. Kf1 Nxa5 36. Rxb4+ 1-0

[Event "Late-Titled-Tuesday-Blitz-April-02-2024"]
[Site "Chess.com"]
[Date "2024.04.02"]
[Round "6"]
[White "rdarruda"]
[Black "ellennilssen"]
[Result "0-1"]
[WhiteElo "2472"]
[BlackElo "2327"]
[TimeControl "180+1"]
[EndTime "15:04:01 PDT"]
[Termination "ellennilssen won by checkmate"]

1. e4 c6 2. d4 d5 3. Nc3 dxe4 4.
Nxe4 Nf6 5. Nxf6+ exf6 6. Nf3 Bd6 7. Bc4 O-O 8. O-O Nd7 9. h3 Re8 10. Re1 Nf8 11. Be3 Be6 12. Qd3 Bxc4 13. Qxc4 Qc7 14.
Bd2 Rad8 15. Rxe8 Rxe8 16. Re1 Rxe1+ 17. Bxe1 Qe7 18. Kf1 Ne6 19. g3 h5 20. h4 g6 21.
Bd2 Ng7 22. d5 cxd5 23. Qxd5 Nf5 24. c4 Qc7 25. b3 Kg7 26. Bc3 Qe7 27. Ng5 Bxg3 28. Ne4 Be5 29. Bd2 Nxh4 30. c5 Nf3 31.
Be3 h4 32. Nd6 Nh2+ 33. Kg2 b6 34. cxb6 axb6 35. Nc4 b5 36. Nxe5 fxe5 37. Kxh2 b4 38. Qe4 f5 39. Qd5 e4 40. Bf4 Qa7 41. Qe5+ Kg8 42.
Qb8+ Qxb8 43. Bxb8 g5 44. Bd6 f4 45. Bxb4 Kf7 46. Bd6 Ke6 47. Bc7 Kf5 48. a4 g4 49. a5 g3+ 50. fxg3 hxg3+ 51. Kg2 Kg4 52. a6 f3+ 53. Kg1 e3 54. a7 e2 55. Ba5 f2+ 56. Kg2 e1=Q 57. Bxe1 fxe1=Q 58. a8=Q Qf2+ 59. Kh1 Qh2# 0-1

[Event "Late-Titled-Tuesday-Blitz-April-02-2024"]
[Site "Chess.com"]
[Date "2024.04.02"]
[Round "6"]
[White "cthake"]
[Black "teresin05"]
[Result "0-1"]
[WhiteElo "1822"]
[BlackElo "2277"]
[TimeControl "180+1"]
[EndTime "15:04:01 PDT"]
[Termination "teresin05 won on time"]

1. e4 c5 2. Nf3 Nc6 3. d4 cxd4 4. Nxd4 Nf6 5. Nc3 d6 6. Bg5 e6 7. f4 h6 8. Bxf6 Qxf6 9. Nxc6 bxc6 10. Qd2 d5 11. e5 Qd8 12. Be2 Qb6 13. Na4 Qb7 14.
O-O Bd7 15. Nc3 Qxb2 16. Rab1 Qa3 17. Rb3 Qc5+ 18. Kh1 Be7 19. Rb7 Bc8 20. Rb3 O-O 21. Na4 Qa3 22. Rxa3 Bxa3 23. Qc3 Be7 24. Qxc6 Rb8 25. Ba6 Bxa6 26. Qxa6 Rbc8 27. c3 Rc7 28. g4 Rb8 29. Qd3 Rc4 30. Qc2 d4 31. Rb1 Rbc8 32.
Nb2 Rxc3 33. Qd2 Bc5 34. h4 Rh3+ 35. Kg2 Rxh4 36. Kg3 g5 37. f5 exf5 38. gxf5 Re4 39. e6 fxe6 40. fxe6 Rxe6 41. Nd3 Re3+ 42. Kg4 Bb6 43. Kh5 Kg7 44. Kg4 Rce8 45. Rf1 Kg6 46. Qc2 R8e4+ 0-1

[Event "Late-Titled-Tuesday-Blitz-April-02-2024"]
[Site "Chess.com"]
[Date "2024.04.02"]
[Round "6"]
[White "NikitaShnadrygin"]
[Black "Shankland"]
[Result "1-0"]
[WhiteElo "2685"]
[BlackElo "2889"]
[TimeControl "180+1"]
[EndTime "15:04:04 PDT"]
[Termination "NikitaShnadrygin won by resignation"]

1. e4 c5 2. Nf3 d6 3. d4 cxd4 4.
Nxd4 Nf6 5. Nc3 Nc6 6. f3 e5 7. Nb3 Be6 8. Be3 Be7 9. Qd2 d5 10. exd5 Nxd5 11. Nxd5 Qxd5 12. Qxd5 Bxd5 13. O-O-O O-O-O 14. Bd3 g6 15. Be4 Bxe4 16. fxe4 b6 17. c3 f5 18. g3 h5 19. Rhf1 Rhf8 20. Kc2 h4 21.
Nd2 Kd7 22. Nf3+ Ke6 23. Rxd8 Nxd8 24. gxh4 f4 25. Bf2 Nf7 26. Rg1 Rg8 27. h3 Bf6 28. Kd3 Rd8+ 29. Ke2 Nd6 30. Nd2 Kf7 31. Rd1 Rh8 32.
c4 Ke6 33. c5 bxc5 34. Bxc5 Nf7 35. Rg1 g5 36. Nf3 gxh4 37. Bxa7 Ra8 38. Bc5 Rxa2 39. Rb1 Ra8 40. Kd3 Rg8 41. Bf2 Rg2 42. Rf1 Nd6 43.
b4 Bd8 44. Bc5 Rg3 45. Bxd6 Kxd6 46. Ke2 Rxf3 47. Kxf3 1-0

[Event "Late-Titled-Tuesday-Blitz-April-02-2024"]
[Site "Chess.com"]
[Date "2024.04.02"]
[Round "6"]
[White "Navyblue1"]
[Black "Laico"]
[Result "1/2-1/2"]
[WhiteElo "2273"]
[BlackElo "2395"]
[TimeControl "180+1"]
[EndTime "15:04:05 PDT"]
[Termination "Game drawn by repetition"]

1. d4 e6 2. c4 f5 3. a3 b6 4. e4 fxe4 5. Nc3 Bb7 6. d5 exd5 7. Qh5+ Ke7 8. cxd5 Nf6 9. Bg5 Qe8 10. Bxf6+ gxf6 11. Qxe8+ Kxe8 12. Nxe4 Bg7 13. O-O-O f5 14. Ng3 Rf8 15. Nf3 Na6 16. Bc4 Nc5 17. Rhe1+ Kd8 18. Ng5 h6 19. Nf3 a5 20. Ne5 Ba6 21. Bxa6 Rxa6 22.
f3 Re8 23. f4 d6 24. Nxf5 Bxe5 25. fxe5 dxe5 26. Nxh6 e4 27. Nf7+ Kc8 28. Ng5 Re5 29.
Ne6 Nxe6 30. dxe6 Rxe6 31. Rd4 e3 32. Rd3 b5 33. Rdxe3 Rac6+ 34. Kb1 Rf6 35. R3e2 Kb7 36. g4 Rc4 37. Rg2 Rg6 38. g5 Rh4 39. Re5 Kb6 40.
Rf2 Rh5 41. Rg2 c6 42. Kc2 Kc7 43. Kd2 Kd6 44. Rf5 Ke6 45. Rc5 Kd6 46. Rf5 Ke6 47. Rc5 Kd6 48. Rf5 1/2-1/2